 Dungeon Crawl Stone Soup version 0.19-a0-1886-gd64a0f0 (webtiles) character file.

20785 poirepourri the Severer (level 12, -1/112 HPs)
             Began as a Minotaur Fighter on Oct 16, 2016.
             Was the Champion of Okawaru.
             Slain by a harpy (18 damage)
             ... summoned by Kirke
             ... on level 12 of the Dungeon.
             The game lasted 00:21:02 (15495 turns).

poirepourri the Severer (Minotaur Fighter)         Turns: 15495, Time: 00:21:04

Health: -1/112     AC:  0    Str: 24    XL:     12   Next: 48%
Magic:  12/12      EV: 18    Int:  5    God:    Okawaru [******]
Gold:   288        SH:  2    Dex: 12    Spells: 0 memorised, 11 levels left

rFire  . . .     SeeInvis .     (weapon currently unavailable)
rCold  . . .     Gourm    .     (armour currently unavailable)
rNeg   . . .     Faith    .     (shield currently unavailable)
rPois  .         Spirit   .     (helmet currently unavailable)
rElec  .         Dismiss  .     (cloak currently unavailable)
rCorr  .         Reflect  +     (gloves currently unavailable)
MR     .....     Harm     .     (boots currently unavailable)
Stlth  ++........               d - +2 amulet of reflection
                                (ring currently unavailable)
                                (ring currently unavailable)

@: pig-form, very quick
A: (retaliatory headbutt), (horns 0)
a: Heroism, Finesse, Renounce Religion


You were on level 12 of the Dungeon.
You worshipped Okawaru.
Okawaru was exalted by your worship.
You were full.
You were a filthy swine.
You visited 2 branches of the dungeon, and saw 13 of its levels.

You collected 737 gold pieces.
You spent 449 gold pieces at shops.

Inventory:

Hand Weapons
 a - a +1 war axe of freezing
 S - a +4 broad axe of venom (melded)
Missiles
 e - 90 bolts
 O - 3 tomahawks of dispersal (quivered)
Armour
 b - a +1 scale mail (melded)
 c - a +0 shield (melded)
 h - a +0 cloak (melded)
 v - a +2 pair of gloves (melded)
 W - the +2 buckler "Jewiah" {rF++ MR+ rCorr}
   (Okawaru gifted it to you on level 11 of the Dungeon)

   It greatly protects you from fire.
   It affects your resistance to hostile enchantments.
   It protects you from acid and corrosion.
Jewellery
 d - a +2 amulet of reflection (around neck)
 g - a ring of poison resistance (melded)
 n - a +3 ring of strength (melded)
 q - an uncursed ring of flight
 w - an uncursed ring of protection from fire
 F - a +3 ring of evasion
 X - an uncursed ring of ice
Wands
 j - a wand of random effects (0/48)
 s - a wand of random effects (48/48)
 x - a wand of confusion (21/48)
 H - a wand of iceblast (0/15)
 K - a wand of teleportation (2/9)
 P - a wand of teleportation (4/9)
 T - a wand of digging (13/24)
 V - a wand of flame (18/48)
 Z - a wand of flame (19/48)
Scrolls
 k - a scroll of fear
 r - 5 scrolls of magic mapping
 y - 3 scrolls of recharging
 A - 3 scrolls of fog
 N - 3 scrolls of identify
 Q - a scroll of blinking
 Y - a scroll of teleportation
Potions
 l - 4 potions of curing
 m - a potion of magic
 p - a potion of berserk rage
 t - 3 potions of heal wounds
 z - 3 potions of mutation
 B - 4 potions of haste
 C - 4 potions of cure mutation
 D - 2 potions of flight
 I - a potion of brilliance
 L - 2 potions of agility
Books
 E - a book of Misfortune

   Spells                             Type                      Level
   a - Confusing Touch                Hexes                        1
   b - Confuse                        Hexes                        3
   c - Gell's Gravitas                Hexes/Translocation          3
   d - Petrify                        Transmutation/Earth          4
   e - Metabolic Englaciation         Hexes/Ice                    5
   f - Yara's Violent Unravelling     Hexes/Transmutation          5
 J - a book of Changes

   Spells                             Type                      Level
   a - Beastly Appendage              Transmutation                1
   b - Sticks to Snakes               Transmutation                2
   c - Spider Form                    Transmutation/Poison         3
   d - Ice Form                       Ice/Transmutation            4
   e - Blade Hands                    Transmutation                5
 R - a book of Frost

   Spells                             Type                      Level
   a - Freeze                         Ice                          1
   b - Throw Frost                    Conjuration/Ice              2
   c - Ozocubu's Armour               Charms/Ice                   3
   d - Throw Icicle                   Conjuration/Ice              4
   e - Summon Ice Beast               Ice/Summoning                4
 U - a book of Necromancy

   Spells                             Type                      Level
   a - Pain                           Necromancy                   1
   b - Animate Skeleton               Necromancy                   1
   c - Vampiric Draining              Necromancy                   3
   d - Regeneration                   Charms/Necromancy            3
   e - Animate Dead                   Necromancy                   4
   f - Control Undead                 Necromancy                   4
Comestibles
 f - 8 bread rations
 o - 4 meat rations
 G - 7 slices of pizza
 M - 14 fruits


   Skills:
 + Level 11.8 Fighting
 + Level 16.4 Axes
 + Level 0.2 Throwing
 + Level 7.9 Armour
 + Level 6.9 Dodging
 - Level 1.0 Stealth
 + Level 9.3 Shields
 + Level 0.4 Invocations
 + Level 2.6 Evocations


You had 11 spell levels left.
You didn't know any spells.

Dungeon Overview and Level Annotations

Branches:
Dungeon (12/15)            Temple (1/1) D:4            Lair (0/6) D:11
    Orc (0/2) D:11

Altars:
Ashenzari
Cheibriados
Dithmenos
Elyvilon
Fedhas
Gozag
Hepliaklqana
Kikubaaqudgha
Makhleb
Nemelex Xobeh
Okawaru
Qazlal
Ru
Sif Muna
Trog
Uskayaw
Vehumet
Xom
Yredelemnul
Zin
The Shining One

Shops:
D:7 =   D:10 *

Annotations:
D:12 Kirke


Innate Abilities, Weirdness & Mutations

((You reflexively headbutt those who attack you in melee.))
((You have a pair of horns on your head.))


Message History

The harpy claws you. The harpy misses you.
There is an open door here.
You hit the harpy but do no damage. The harpy misses you.
The harpy closely misses you. The harpy barely misses you. The harpy claws you.
The harpy screeches!
The harpy completely misses you. The harpy misses you.
The harpy screeches!
The harpy claws you!
* * * LOW HITPOINT WARNING * * *
The harpy claws you!
* * * LOW HITPOINT WARNING * * *
You feel much better.
The harpy seems to regain her courage.
The harpy claws you.
* * * LOW HITPOINT WARNING * * *
The harpy closely misses you. The harpy barely misses you.
The harpy closely misses you. The harpy claws you!
* * * LOW HITPOINT WARNING * * *
The harpy completely misses you. The harpy claws you!!
You die...

# #..............#..........# #
#..............#..........# #
#..............#..........# #
#.###..........#..........##
#####.#.#..........'...######..#
......#.#######....#...#....#..#
#######.......#.H..#...#....#..#
#.............'.H..#...#....#..#
#.............#.h..#...#....#..#
#.............#....#...#....#..#
..........#####.<..#...#....#..#
.....####.#........#.h.#....#..#
.....#..+.#........#...#....'..#
##'###..#.#........#...######..#
?.......#.#........#...........#
........###........##.....รทรทรท..#
....................#.........##


You could see 2 harpies.

Vanquished Creatures
  A hydra (D:9)
  Fannar (D:11)
  A centaur warrior (D:9)
  The ghost of olma the Skirmisher, a novice HOBe of Trog (D:10)
  Erica (D:8)
  2 hill giants
  Pikel (D:5)
  An ugly thing (D:12)
  A manticore (D:11)
  A gargoyle (D:11)
  A komodo dragon (D:11)
  A tengu conjurer (D:11)
  2 trolls (D:12)
  A hornet (D:11)
  A two-headed ogre (D:10)
  2 hippogriffs
  2 dream sheep (D:9)
  A wyvern (D:12)
  32 yaks
  A wraith (D:11)
  A hog (D:12)
  2 hungry ghosts
  2 mottled dragons
  Edmund (D:4)
  Duvessa (D:4)
  5 orc warriors
  6 sky beasts
  4 slaves (D:5)
  2 black bears
  4 ice beasts
  5 ogres
  A phantom (D:10)
  A crocodile (D:8)
  9 bullfrogs
  4 big kobolds
  6 gnoll sergeants (D:10)
  Blork the orc (D:4)
  Dowan (D:4)
  5 scorpions
  2 wyvern skeletons
  20 killer bees
  4 wights (D:12)
  2 howler monkeys
  3 electric eels (D:6)
  4 crimson imps
  5 jellies
  16 hounds
  3 bullfrog skeletons
  11 orc priests
  Crazy Yiuf (D:4)
  3 gnoll shamans (D:10)
  7 iguanas
  9 worker ants
  9 orc wizards
  32 gnolls
  11 adders
  5 worms
  4 dart slugs
  3 leopard geckos
  35 orcs
  4 giant cockroaches
  9 goblins
  2 hobgoblins
  11 jackals
  11 kobolds
  3 quokkas
  7 bats
  5 frilled lizards
  A leopard gecko skeleton (D:4)
  3 quokka skeletons
  5 rats
366 creatures vanquished.

Vanquished Creatures (others)
  An orc (D:11)
  3 plants (D:11)
4 creatures vanquished.

Grand Total: 370 creatures vanquished

Notes
Turn   | Place    | Note
-------+----------+-------------------------------------------
     0 | D:1      | poirepourri the Minotaur Fighter began the quest for the Orb.
     0 | D:1      | Reached XP level 1. HP: 19/19 MP: 0/0
    77 | D:1      | Reached XP level 2. HP: 17/27 MP: 1/1
   598 | D:2      | Reached skill level 3 in Axes
   763 | D:2      | Reached XP level 3. HP: 34/34 MP: 2/2
  1164 | D:2      | You fall through a shaft for 2 floors!
  1169 | D:4      | Reached skill level 4 in Axes
  1169 | D:4      | Reached XP level 4. HP: 39/41 MP: 3/3
  1196 | D:4      | Reached skill level 1 in Dodging
  1253 | D:4      | Noticed Edmund
  1262 | D:4      | Killed Edmund
  1262 | D:4      | Reached skill level 5 in Fighting
  1262 | D:4      | Reached skill level 5 in Axes
  1262 | D:4      | Reached XP level 5. HP: 41/48 MP: 4/4
  2468 | D:3      | Reached XP level 6. HP: 56/56 MP: 5/5
  2651 | D:4      | Noticed Duvessa
  2653 | D:4      | Noticed Dowan
  2664 | D:4      | Killed Duvessa
  2664 | D:4      | Reached skill level 6 in Axes
  2664 | D:4      | Reached skill level 1 in Stealth
  2673 | D:4      | Killed Dowan
  3216 | D:4      | Reached skill level 7 in Axes
  3216 | D:4      | Reached XP level 7. HP: 60/62 MP: 6/6
  3326 | D:4      | Found a staircase to the Ecumenical Temple.
  3375 | Temple   | Entered the Ecumenical Temple
  3609 | D:4      | Found a runed door.
  3631 | D:4      | Found a shattered altar of Ashenzari.
  3741 | D:4      | Found a bloodstained altar of Trog.
  3741 | D:4      | Found an iron altar of Okawaru.
  3921 | D:4      | Became a worshipper of Warmaster Okawaru
  3998 | D:4      | Noticed Blork the orc
  4009 | D:4      | Killed Blork the orc
  4152 | D:4      | Found a faded altar of an unknown god.
  4152 | D:4      | Found a deep blue altar of Sif Muna.
  4157 | D:4      | Found a faded altar of an unknown god.
  4159 | D:4      | Found a faded altar of an unknown god.
  4160 | D:4      | Found a faded altar of an unknown god.
  4300 | D:4      | Noticed Crazy Yiuf
  4303 | D:4      | Killed Crazy Yiuf
  4337 | D:5      | Entered Level 5 of the Dungeon
  4658 | D:5      | Reached skill level 8 in Axes
  4661 | D:5      | Noticed Pikel
  4677 | D:5      | Killed Pikel
  4677 | D:5      | Reached * piety under Okawaru
  4677 | D:5      | Reached skill level 9 in Axes
  4677 | D:5      | Reached XP level 8. HP: 26/71 MP: 7/7
  5285 | D:6      | Found an ancient bone altar of Kikubaaqudgha.
  5285 | D:6      | Found a glowing silver altar of Zin.
  5354 | D:6      | Reached ** piety under Okawaru
  5354 | D:6      | Reached skill level 10 in Axes
  5482 | D:6      | Found a sparkling altar of Nemelex Xobeh.
  5935 | D:6      | Found an opulent altar of Gozag.
  6175 | D:6      | Found a glowing golden altar of the Shining One.
  6175 | D:6      | Found a burning altar of Makhleb.
  7338 | D:6      | Reached skill level 11 in Axes
  7450 | D:6      | Reached XP level 9. HP: 50/81 MP: 8/8
  8577 | D:7      | Found Maclut's Jewellery Shop.
  8592 | D:7      | Found an opulent altar of Gozag.
  8604 | D:7      | Bought an uncursed ring of poison resistance for 300 gold pieces
  9074 | D:7      | Reached skill level 1 in Evocations
  9187 | D:7      | Reached skill level 12 in Axes
  9426 | D:7      | Reached *** piety under Okawaru
  9721 | D:8      | Reached skill level 5 in Dodging
  9846 | D:8      | Found a stormy altar of Qazlal.
 10011 | D:8      | Reached **** piety under Okawaru
 10011 | D:8      | Reached XP level 10. HP: 63/91 MP: 10/10
 10127 | D:8      | Reached skill level 13 in Axes
 10268 | D:8      | Noticed Erica
 10279 | D:8      | Killed Erica
 10386 | D:8      | Found a basalt altar of Yredelemnul.
 10772 | D:9      | Received a gift from Okawaru
 11066 | D:9      | Noticed a three-headed hydra
 11079 | D:9      | Killed a nine-headed hydra
 11079 | D:9      | Reached ***** piety under Okawaru
 11079 | D:9      | Reached skill level 10 in Fighting
 11079 | D:9      | Reached skill level 14 in Axes
 11079 | D:9      | Reached skill level 5 in Armour
 11208 | D:9      | Noticed a centaur warrior
 11223 | D:9      | Killed a centaur warrior
 11223 | D:9      | Reached skill level 5 in Shields
 11653 | D:9      | Reached XP level 11. HP: 100/100 MP: 11/11
 11834 | D:10     | Entered Level 10 of the Dungeon
 11958 | D:10     | Found Xusum's General Store.
 11969 | D:10     | Noticed olma's ghost (novice HOBe)
 11991 | D:10     | Received a gift from Okawaru
 12013 | D:10     | Killed olma's ghost
 12244 | D:10     | Found a sacrificial altar of Ru.
 12411 | D:10     | Bought a scroll of identify for 26 gold pieces
 12411 | D:10     | Bought a scroll of identify for 26 gold pieces
 12411 | D:10     | Bought a scroll of blinking for 97 gold pieces
 12835 | D:11     | Reached skill level 15 in Axes
 12843 | D:11     | Received a gift from Okawaru
 12856 | D:11     | Got a steaming buckler {god gift}
 12871 | D:11     | Identified the +2 buckler "Jewiah" {rF++ MR+ rCorr} (Okawaru gifted it to you on level 11 of the Dungeon)
 12915 | D:11     | Noticed a hill giant
 12923 | D:11     | Killed a hill giant
 12961 | D:11     | Noticed Fannar
 12973 | D:11     | Killed Fannar
 13211 | D:11     | Found a staircase to the Lair.
 13609 | D:11     | Found a staircase to the Orcish Mines.
 13849 | D:11     | Reached XP level 12. HP: 53/110 MP: 12/12
 14973 | D:12     | Reached skill level 16 in Axes
 15190 | D:12     | Reached ****** piety under Okawaru
 15356 | D:12     | Received a gift from Okawaru
 15454 | D:12     | Noticed Kirke
 15495 | D:12     | Slain by a harpy

Vault maps used:
D:1:      roderic_crossed_star
D:3:      first_bread
D:4:      grunt_temple_overflow_bloody_war, ashenzari_altar_1,
          chequers_temple_overflow_minitemple, uniq_edmund, uniq_duvessa,
          uniq_crazy_yiuf_cottage, uniq_blork_the_orc
D:5:      uniq_pikel
D:6:      gammafunk_temple_overflow_forgotten, lemuel_round_altar,
          gammafunk_temple_overflow_wave, kennysheep_boxes
D:7:      serial_shops, shop_fountains, basic_altar
D:8:      kennysheep_mini_moat, overflow_temple_1_default, uniq_erica
D:9:      hangedman_ranch
D:10:     serial_gnoll_camp, gnoll_camp_huts_basic, gnoll_camp_medium_02,
          gnoll_camp_mini_doghouse, gnoll_camp_medium_01, gnoll_camp_mini_house,
          gnoll_camp_mini_basic, serial_shops, nicolae_shop_waterfront,
          nicolae_ru_sacrificial_ziggurat
D:11:     david_lair_shrubbed, david_orc_2, kennysheep_generic_room_13,
          uniq_fannar
D:12:     uniq_kirke
Temple:   jpeg_temple_island

Skill      XL: |  1  2  3  4  5  6  7  8  9 10 11 12 |
---------------+-------------------------------------+-----
Fighting       | 4 5 6 7 9 10 11 | 11.8
Axes           | 3 4 5 7 9 11 12 14 15 16 | 16.4
Dodging        | 1 2 3 4 5 6 |  6.9
Stealth        | 1 |  1.0
Evocations     | 2 |  2.6
Armour         | 5 7 |  7.9
Shields        | 5 8 9 |  9.3
Throwing       | |  0.2
Invocations    | |  0.4

Action                   |  1- 3 |  4- 6 |  7- 9 | 10-12 || total
-------------------------+-------+-------+-------+-------++-------
Melee: War axe           |    46 |    78 |   284 |   314 ||   722
       Headbutt          |     6 |    15 |    56 |   117 ||   194
       Broad axe         |       |       |       |   240 ||   240
       Unarmed           |       |       |       |     1 ||     1
Throw: Tomahawk          |       |       |       |     1 ||     1
Invok: Heroism           |       |       |       |     1 ||     1
Evoke: Wand              |       |     1 |     7 |    12 ||    20
  Use: Scroll            |     5 |     4 |    12 |    15 ||    36
       Potion            |       |     2 |     2 |     7 ||    11
 Stab: Invisible         |       |       |     2 |     3 ||     5
       Confused          |       |       |       |     1 ||     1
  Eat: Beef jerky        |     1 |       |     2 |     4 ||     7
       Royal jelly       |     1 |       |       |     2 ||     3
       Bread ration      |       |     1 |     1 |       ||     2
       Fruit             |       |       |     5 |     5 ||    10
       Meat ration       |       |       |     3 |     1 ||     4
       Pizza             |       |       |       |     2 ||     2
Armor: Scale mail        |    23 |    39 |    78 |   162 ||   302
Dodge: Dodged            |    17 |    19 |    94 |   228 ||   358
Block: Shield            |    30 |    56 |   147 |   373 ||   606
       Reflection        |       |     3 |     1 |    28 ||    32
       Other             |       |       |       |     1 ||     1
